 Dungeon Crawl Stone Soup version bcrawl-1.41.1 (webtiles) character file.

Game seed: 16318112593715869715

355019 Yshiel the Magician (level 10, -1/73 HPs)
             Began as a Gnoll Ice Elementalist on Apr 24, 2024.
             Was a Priest of Okawaru.
             Slain by a two-headed ogre
             ... wielding a +0 giant club
              (18 damage)
             ... on level 8 of the Dungeon.
             The game lasted 00:47:48 (5655 turns).

Yshiel the Magician (Gnoll Ice Elementalist)        Turns: 5655, Time: 00:47:49

Health: -1/73      AC:  0    Str: 10    XL:     10   Next: 6%
Magic:  20/20      EV: 17    Int: 17    God:    Okawaru [***...]
Gold:   202        SH:  6    Dex: 20    Spells: 3/23 levels left

rFire    x . .     GDR:     34% I - +8 arc blade {discharge, rElec}
rCold    + . .     SeeInvis .   (no shield)
rNeg     . . .     Gourm    .   a - +0 robe
rPois    .         Faith    .   (no helmet)
rElec    +         Spirit   .   d - scarf {repulsion}
rCorr    .         Reflect  +   (no gloves)
MR       .....                  G - +1 pair of boots
Stlth    ++++......             b - +6 amulet of reflection
HPRegen  0.22/turn              m - ring of ice (curse)
MPRegen  0.17/turn              (no ring)

@: corroded, lightly drained, repel missiles
A: distributed training, fangs 1, strong nose
a: Heroism, Renounce Religion


You were on level 8 of the Dungeon.
You worshipped Okawaru.
Okawaru was most pleased with you.
You were hungry.

You visited 1 branch of the dungeon, and saw 8 of its levels.

You collected 552 gold pieces.
You spent 350 gold pieces at shops.

Inventory:

Hand Weapons
 k - a +0 dagger of venom
 s - a +0 blowgun
 w - the +0 sword of Power
   (You found it on level 5 of the Dungeon)
 E - a +2 spear of flaming
 I - the +8 arc blade (weapon) {discharge, rElec}
   (You took it off an orc on level 4 of the Dungeon)

   It insulates you from electricity.
 K - a +1 flail of holy wrath
 S - the cursed +13 scythe of Curses {drain, *Curse}
   (You found it on level 6 of the Dungeon)

   A truly terrible weapon, it drains the life of those it strikes.
   It curses itself when equipped.
   It has a curse placed upon it.
Missiles
 j - 369 poisoned needles
 n - 461 arrows
 o - 1355 stones (quivered)
 v - 127 poisoned tomahawks
 P - 305 bolts
Armour
 a - a +0 robe (worn)
 d - a scarf of repulsion (worn)
 C - a +2 cloak
 G - a +1 pair of boots (worn)
 O - a scarf of spirit shield
Jewellery
 b - a +6 amulet of reflection (around neck)
 m - a cursed ring of ice (left hand)
 M - an uncursed amulet of rage
Wands
 c - a wand of iceblast (14)
Scrolls
 f - 3 scrolls of amnesia
 g - a scroll of noise {unknown}
 i - 2 scrolls of identify
 l - a scroll of summoning {unknown}
 t - 2 scrolls of teleportation
 u - a scroll of enchant weapon {unknown}
 y - a scroll of fear
 D - 2 scrolls of blinking
 F - a scroll of immolation {unknown}
 H - 2 scrolls of revelation
 L - 2 scrolls of fog
 T - 3 scrolls of remove curse
Potions
 h - a potion of lignification
 p - 4 potions of heal wounds
 q - 4 potions of flight
 r - a potion of experience {unknown}
 x - a potion of magic {unknown}
 z - a potion of agility {unknown}
 A - a potion of might {unknown}
 B - 2 potions of curing
 J - 2 potions of haste {unknown}
 N - a potion of resistance {unknown}
 Q - a potion of berserk rage {unknown}
 U - a potion of degeneration {unknown}
Comestibles
 e - 15 rations {!d}


   Skills:
 + Level 4.8(4.4) Fighting
 + Level 4.8(4.4) Short Blades
 + Level 4.8(4.4) Long Blades
 + Level 4.8(4.4) Axes
 + Level 4.8(4.4) Maces & Flails
 + Level 4.8(4.4) Polearms
 + Level 4.8(4.4) Staves
 + Level 4.8(4.4) Slings
 + Level 4.8(4.4) Bows
 + Level 4.8(4.4) Crossbows
 + Level 4.8(4.4) Throwing
 + Level 4.8(4.4) Armour
 + Level 6.7(6.3) Dodging
 + Level 6.7(6.3) Stealth
 + Level 4.8(4.4) Shields
 + Level 4.8(4.4) Unarmed Combat
 + Level 7.0(6.7) Spellcasting
 + Level 4.5(4.2) Conjurations
 + Level 4.0(3.6) Hexes
 + Level 4.0(3.6) Charms
 + Level 4.0(3.6) Summonings
 + Level 4.0(3.6) Necromancy
 + Level 4.0(3.6) Translocations
 + Level 4.0(3.6) Transmutations
 + Level 4.0(3.6) Fire Magic
 + Level 6.8(6.5) Ice Magic
 + Level 4.0(3.6) Air Magic
 + Level 4.0(3.6) Earth Magic
 + Level 4.0(3.6) Poison Magic
 + Level 5.3(4.9) Invocations
 + Level 4.8(4.4) Evocations


You had 3 spell levels left.
You knew the following spells:

 Your Spells              Type           Power        Failure   Level  Hunger
a - Freeze                Ice            #####.       1%          1    None
b - Throw Frost           Conj/Ice       #####.       1%          2    None
c - Magic Dart            Conj           ###.         1%          1    None
d - Blink                 Tloc           N/A          4%          2    None
e - Ozocubu's Armour      Chrm/Ice       ####....     4%          3    #......
f - Conjure Flame         Conj/Fire      ###.....     7%          3    #......
g - Mephitic Cloud        Conj/Pois/Air  ###.....     8%          3    #......
h - Passwall              Tmut/Erth      ###.....     4%          2    None
i - Spider Form           Tmut/Pois      ###          8%          3    #......

Your spell library contained the following spells:

 Spells                   Type           Power        Failure   Level  Hunger
 Beastly Appendage        Tmut           ###...       2%          1    None
 Call Imp                 Summ           ###...       4%          2    None
 Sticks to Snakes         Tmut           ###.....     4%          2    None
 Throw Icicle             Conj/Ice       #####...     13%         4    ####...
 Ice Form                 Ice/Tmut       ####....     14%         4    ####...
 Summon Ice Beast         Ice/Summ       ####....     14%         4    ####...
 Blade Hands              Tmut           ###.......   58%         5    #####..


Dungeon Overview and Level Annotations

Branches:
Dungeon (8/12)             Temple (0/1) D:6
   Lair: D:7-9          Orc: D:8-11

Altars:
Cheibriados
Dithmenos
Elyvilon
Fedhas
Gozag
Kikubaaqudgha
Lugonu
Makhleb
Okawaru
Qazlal
Sif Muna
Trog
Vehumet
Wu Jian
Yredelemnul
Zin

Shops:
D:6 !?   D:7 :


Innate Abilities, Weirdness & Mutations

Your experience applies equally to all skills.
You have very sharp teeth.
Your uncanny sense of smell can sniff out nearby items.


Message History

All of the chunks of flesh in your inventory have rotted away.
You are feeling hungry.
You start resting.
HP restored.
You start resting.
HP restored.
Okay, then.
You start waiting.
Done waiting.
You climb downwards.
A rune on the stairs sparks and fizzles.
The two-headed ogre closely misses you.
The two-headed ogre hits you with a +2 dire flail of protection!
The jelly hits you. The acid corrodes you!
You are splashed with acid!
The adder hisses angrily.
There is a stone staircase leading up, spattered with blood here.
The two-headed ogre hits you with a +0 giant club!!
* * * LOW HITPOINT WARNING * * *
The two-headed ogre hits you with a +2 dire flail of protection!!
You die...

∆ ## ..
##.##########.###
5........O.......
##....#.K@J......
.................
.......S.).......
...).............
.................
.................
.......#########
....^.. ...... ∆∆


You could see a two-headed ogre, a kobold demonologist, a jelly and an adder.

Vanquished Creatures
  A tengu warrior (D:6)
  A gargoyle (D:6)
  A meliai zombie (D:6)
  Sigmund (D:6)
  A water moccasin (D:5)
  A crocodile (D:6)
  An orc warrior (D:5)
  2 sky beasts (D:5)
  An ice beast (D:6)
  3 ogres
  2 bullfrogs (D:7)
  A gnoll sergeant (D:6)
  5 wights (D:6)
  2 orc priests
  4 hounds
  2 jellies
  A bullfrog skeleton (D:5)
  Terence (D:2)
  An orc wizard (D:3)
  7 worker ants
  A killer bee zombie (D:7)
  A hound zombie (D:7)
  18 gnolls
  14 adders
  A shadow imp (D:6)
  An ooze (D:1)
  An adder skeleton (D:6)
  7 worms (D:3)
  2 dart slugs
  7 leopard geckos
  14 orcs
  3 bats
  A giant cockroach (D:2)
  5 goblins (D:1)
  8 hobgoblins
  6 jackals
  7 kobolds
  4 quokkas
  7 ball pythons (D:3)
  4 frilled lizards
  7 rats
158 creatures vanquished.

Notes
Turn   | Place    | Note
-------+----------+-------------------------------------------
     0 | D:1      | Yshiel the Gnoll Ice Elementalist began the quest for the
                  | Orb.
     0 | D:1      | Reached XP level 1. HP: 13/13 MP: 6/6
    41 | D:1      | Reached XP level 2. HP: 14/19 MP: 1/7
   380 | D:1      | Reached XP level 3. HP: 22/25 MP: 6/9
   452 | D:1      | Reached skill level 5 in Spellcasting
   880 | D:2      | Found a stormy altar of Qazlal.
   903 | D:2      | Found a white marble altar of Elyvilon.
  1032 | D:2      | Reached skill level 1 in Invocations
  1043 | D:2      | Noticed Terence
  1069 | D:2      | Reached skill level 1 in Fighting
  1069 | D:2      | Reached skill level 1 in Short Blades
  1069 | D:2      | Reached skill level 1 in Long Blades
  1069 | D:2      | Reached skill level 1 in Axes
  1069 | D:2      | Reached skill level 1 in Maces & Flails
  1069 | D:2      | Reached skill level 1 in Polearms
  1069 | D:2      | Reached skill level 1 in Staves
  1069 | D:2      | Reached skill level 1 in Slings
  1069 | D:2      | Reached skill level 1 in Bows
  1069 | D:2      | Reached skill level 1 in Crossbows
  1069 | D:2      | Reached skill level 1 in Throwing
  1069 | D:2      | Reached skill level 1 in Armour
  1069 | D:2      | Reached skill level 1 in Shields
  1069 | D:2      | Reached skill level 1 in Unarmed Combat
  1069 | D:2      | Reached skill level 1 in Evocations
  1069 | D:2      | Reached XP level 4. HP: 14/32 MP: 7/11
  1079 | D:2      | Killed Terence
  1080 | D:2      | Reached skill level 1 in Hexes
  1080 | D:2      | Reached skill level 1 in Charms
  1080 | D:2      | Reached skill level 1 in Summonings
  1080 | D:2      | Reached skill level 1 in Necromancy
  1080 | D:2      | Reached skill level 1 in Translocations
  1080 | D:2      | Reached skill level 1 in Transmutations
  1080 | D:2      | Reached skill level 1 in Fire Magic
  1080 | D:2      | Reached skill level 1 in Air Magic
  1080 | D:2      | Reached skill level 1 in Earth Magic
  1080 | D:2      | Reached skill level 1 in Poison Magic
  1206 | D:2      | Found a shimmering blue altar of Sif Muna.
  1807 | D:3      | Reached XP level 5. HP: 37/37 MP: 12/12
  2098 | D:3      | Found an ancient bone altar of Kikubaaqudgha.
  2141 | D:3      | Reached XP level 6. HP: 24/44 MP: 7/13
  2347 | D:3      | Reached skill level 5 in Dodging
  2347 | D:3      | Reached skill level 5 in Stealth
  2674 | D:3      | Found a bloodstained altar of Trog.
  3179 | D:4      | Reached XP level 7. HP: 42/50 MP: 15/15
  3419 | D:5      | Entered Level 5 of the Dungeon
  3440 | D:5      | Found the +0 sword of Power
  3459 | D:5      | Found a burning altar of Makhleb.
  3564 | D:5      | Found a radiant altar of Vehumet.
  3565 | D:5      | Found a snail-covered altar of Cheibriados.
  3565 | D:5      | Found an opulent altar of Gozag.
  3593 | D:5      | Found an iron altar of Okawaru.
  3602 | D:5      | Became a worshipper of Warmaster Okawaru
  3640 | D:5      | Found a corrupted altar of Lugonu.
  3644 | D:5      | Found an ornate altar of the Wu Jian Council.
  3871 | D:6      | Found the cursed +13 scythe of Curses {drain, *Curse}
  3871 | D:6      | Noticed a gargoyle
  3883 | D:5      | Reached XP level 8. HP: 57/57 MP: 14/16
  3945 | D:5      | Reached * piety under Okawaru
  3978 | D:6      | Killed a gargoyle
  3979 | D:6      | Reached skill level 6 in Spellcasting
  4005 | D:6      | Learned a level 2 spell: Throw Frost
  4007 | D:6      | Learned a level 1 spell: Magic Dart
  4010 | D:6      | Learned a level 2 spell: Blink
  4014 | D:6      | Learned a level 3 spell: Ozocubu's Armour
  4018 | D:6      | Learned a level 3 spell: Conjure Flame
  4022 | D:6      | Learned a level 3 spell: Mephitic Cloud
  4025 | D:6      | Found a basalt altar of Yredelemnul.
  4064 | D:6      | Noticed a tengu warrior
  4260 | D:6      | Reached ** piety under Okawaru
  4268 | D:6      | Found Qyuhef's Magic Scroll Shop.
  4340 | D:6      | Reached XP level 9. HP: 40/65 MP: 18/18
  4409 | D:6      | Bought a scroll of blinking for 90 gold pieces
  4409 | D:6      | Bought a scroll of remove curse for 36 gold pieces
  4409 | D:6      | Bought a scroll of identify for 24 gold pieces
  4409 | D:6      | Bought a scroll of enchant armour for 90 gold pieces
  4431 | D:6      | Found Nane's Distillery.
  4438 | D:6      | Bought 2 potions of heal wounds for 110 gold pieces
  4471 | D:6      | Noticed Sigmund
  4488 | D:6      | Killed Sigmund
  4676 | D:6      | Killed a tengu warrior
  4676 | D:6      | Reached *** piety under Okawaru
  4783 | D:6      | Found a shadowy altar of Dithmenos.
  4792 | D:6      | Reached skill level 5 in Invocations
  4858 | D:6      | Found a staircase to the Ecumenical Temple.
  4932 | D:6      | Found a blossoming altar of Fedhas.
  5186 | D:7      | Reached skill level 7 in Spellcasting
  5186 | D:7      | Reached XP level 10. HP: 73/73 MP: 18/20
  5187 | D:7      | Found Bupheset's Book Shop.
  5273 | D:7      | Learned a level 2 spell: Passwall
  5277 | D:7      | Learned a level 3 spell: Spider Form
  5345 | D:7      | Found a glowing silver altar of Zin.
  5522 | D:8      | Noticed a kobold demonologist
  5522 | D:8      | Noticed a two-headed ogre
  5529 | D:8      | Noticed a soul eater
  5655 | D:8      | Slain by a two-headed ogre

Skill      XL: |  1  2  3  4  5  6  7  8  9 10 |
---------------+-------------------------------+-----
Conjurations   | 2 3 4 |  4.5
Spellcasting   | 5 6 7 |  7.0
Invocations    | 1 2 3 4 5 |  5.3
Fighting       | 1 2 3 4 |  4.8
Short Blades   | 1 2 3 4 |  4.8
Long Blades    | 1 2 3 4 |  4.8
Axes           | 1 2 3 4 |  4.8
Maces & Flails | 1 2 3 4 |  4.8
Polearms       | 1 2 3 4 |  4.8
Staves         | 1 2 3 4 |  4.8
Slings         | 1 2 3 4 |  4.8
Bows           | 1 2 3 4 |  4.8
Crossbows      | 1 2 3 4 |  4.8
Throwing       | 1 2 3 4 |  4.8
Armour         | 1 2 3 4 |  4.8
Shields        | 1 2 3 4 |  4.8
Unarmed Combat | 1 2 3 4 |  4.8
Evocations     | 1 2 3 4 |  4.8
Hexes          | 1 2 3 4 |  4.0
Charms         | 1 2 3 4 |  4.0
Summonings     | 1 2 3 4 |  4.0
Necromancy     | 1 2 3 4 |  4.0
Translocations | 1 2 3 4 |  4.0
Transmutations | 1 2 3 4 |  4.0
Fire Magic     | 1 2 3 4 |  4.0
Air Magic      | 1 2 3 4 |  4.0
Earth Magic    | 1 2 3 4 |  4.0
Poison Magic   | 1 2 3 4 |  4.0
Dodging        | 5 6 |  6.7
Stealth        | 5 6 |  6.7
Ice Magic      | 6 |  6.8

Action                   |  1- 3 |  4- 6 |  7- 9 | 10-12 || total
-------------------------+-------+-------+-------+-------++-------
Melee: Unarmed           |     3 |       |       |       ||     3
       Dagger            |    10 |    20 |       |       ||    30
       Bite              |       |     2 |     6 |       ||     8
       Rapier            |       |     2 |    67 |     5 ||    74
       Punch             |       |       |     2 |       ||     2
 Cast: Freeze            |    36 |    90 |    50 |     4 ||   180
  Use: Scroll            |     1 |     3 |     4 |     3 ||    11
 Stab: Sleeping          |     7 |    14 |     7 |     3 ||    31
  Eat: Chunk             |     2 |     8 |     5 |     1 ||    16
       Ration            |       |       |     1 |       ||     1
Armor: Robe              |     4 |     3 |    14 |       ||    21
Dodge: Dodged            |    17 |    43 |   102 |     6 ||   168
       Deflected         |       |     1 |     3 |       ||     4
Block: Other             |     2 |    20 |    28 |     1 ||    51
       Reflection        |       |     5 |     1 |       ||     6
